 Dungeon Crawl Stone Soup version 0.29.0-7-g18a832c13a (webtiles) character file.

Game seed: 11501796316600718187

82610 sanka the Grappler (level 15, -10/189 HPs)
             Began as a Troll Cinder Acolyte on Aug 31, 2022.
             Was a High Priest of Okawaru.
             Mangled by a stone giant (23 damage)
             ... on level 2 of the Depths.
             The game lasted 00:54:40 (21565 turns).

sanka the Grappler (Troll Cinder Acolyte)          Turns: 21565, Time: 00:54:40

Health: -10/189    AC: 29    Str: 30    XL:     15   Next: 30%
Magic:  12/20      EV: 10    Int: 10    God:    Okawaru [*****.]
Gold:   1516       SH:  5    Dex:  9    Spells: 2/22 levels left

rFire   . . .      SeeInvis .     - Unarmed
rCold   . . .      Faith    .   (no shield)
rNeg    + . .      Spirit   .   (body armour currently unavailable)
rPois   ∞          Reflect  +   (helmet restricted)
rElec   +          Harm     .   v - +0 cloak
rCorr   .          Rampage  .   (gloves unavailable)
Will    ++...                   (boots unavailable)
Stlth   +++.......              r - amulet of reflection
HPRegen 1.21/turn               a - ring "Othrausm" {Wiz Will+ Str+4 Dex-2}
MPRegen 0.17/turn               V - +4 ring of protection

@: statue-form, heroic, studying Necromancy, very slow
A: slow and powerful, torment resistance 1, boosted hp, large, unfitting armour,
claws 3, regeneration 1, (shaggy fur 1), (tough skin 1)
a: End Transformation, Renounce Religion, Heroism, Finesse, Duel


You were on level 2 of the Depths.
You worshipped Okawaru.
Okawaru was extremely pleased with you.
You were a living statue of rough stone.
You visited 3 branches of the dungeon, and saw 18 of its levels.
You also visited: Bailey.

You collected 1893 gold pieces.
You spent 377 gold pieces at shops.


Innate Abilities, Weirdness & Mutations

You are a living statue of rough stone.
Your actions are slow, but your melee attacks are powerful.
You are resistant to unholy torment.
Your maximum health is greatly increased.
You are immune to poison.
Your equipment is partially melded.
You are too large for most types of armour.
You have claws for hands.
Your natural rate of healing is unusually fast.
((You are covered in fur. (AC +1)))
((You have tough skin. (AC +1)))


   Skills:
 - Level 9.0(14.0) Fighting
 - Level 4.2(9.2) Shields
 - Level 14.0(19.0) Unarmed Combat
 - Level 4.0 Spellcasting
 + Level 11.2 Transmutations
 - Level 2.1 Fire Magic
 + Level 13.2 Earth Magic
 - Level 4.0 Invocations


You had 2 spell levels left.
You knew the following spells:

 Your Spells              Type           Power      Damage    Failure   Level
x - Blade Hands           Tmut           12%        N/A       2%          5
z - Petrify               Tmut/Erth      26%        N/A       1%          4
C - Lee's Rapid Deconstr  Erth           14%        3d10*     1%          5
X - Statue Form           Tmut/Erth      17%        N/A       11%         6

Your spell library contained the following spells:

 Spells                   Type           Power      Damage    Failure   Level
 Sting                    Tmut/Pois      52%        1d5       1%          1
 Scorch                   Fire           12%        2d5       6%          2
 Necrotise                Necr           8%         1d4       11%         1
 Shock                    Conj/Air       8%         1d3       11%         1
 Blink                    Tloc           4%         N/A       16%         2
 Poisonous Vapours        Pois/Air       4%         N/A       16%         2
 Leda's Liquefaction      Hex/Erth       7%         N/A       7%          4
 Gell's Gravitas          Tloc           2%         N/A       28%         3
 Lesser Beckoning         Tloc           2%         N/A       28%         3
 Portal Projectile        Hex/Tloc       4%         N/A       28%         3
 Swiftness                Air            2%         N/A       28%         3
 Teleport Other           Tloc           2%         N/A       28%         3
 Vampiric Draining        Necr           2%         2d6       28%         3
 Airstrike                Air            1%         2d(1-17)  65%         4
 Olgreb's Toxic Radiance  Pois           2%         N/A       65%         4
 Agony                    Necr           2%         N/A       93%         5
 Manifold Assault         Tloc           2%         N/A       93%         5
 Metabolic Englaciation   Hex/Ice        1%         N/A       93%         5
 Tukima's Dance           Hex            Unusable   N/A       N/A         3

Inventory:

Hand Weapons
 b - a +7 broad axe of flaming
 h - a +11 battleaxe
 P - the +8 falchion of Etwoh {vorpal, rElec rF+ rC- Str+10}

   It inflicts extra damage upon your enemies.
   Str:       It affects your strength (+10).
   rF:        It protects you from fire.
   rC:        It makes you vulnerable to cold.
   rElec:     It insulates you from electricity.
Missiles
 G - 5 curare-tipped darts {=f}
 N - 12 javelins
 S - 39 large rocks {=f}
Armour
 v - a +0 cloak (worn)
 E - +0 acid dragon scales
 O - a +2 robe of the Archmagi (melded)
 X - +2 storm dragon scales {Bai Suzhen}
Magical Staves
 K - a staff of air
Jewellery
 a - the ring "Othrausm" (left claw) {Wiz Will+ Str+4 Dex-2}

   [ring of wizardry]

   It improves your spell success rate.
   Str:       It affects your strength (+4).
   Dex:       It affects your dexterity (-2).
   Will:      It increases your willpower.
 r - an amulet of reflection (around neck)
 L - a +6 ring of intelligence
 T - a ring of poison resistance
 V - a +4 ring of protection (right claw)
Wands
 o - a wand of roots (8)
 u - a wand of quicksilver (5)
 J - a wand of flame (33)
Scrolls
 f - 6 scrolls of amnesia
 g - 5 scrolls of fear
 k - 6 scrolls of enchant armour
 m - 5 scrolls of fog
 s - 7 scrolls of teleportation {@r4}
 t - a scroll of torment {unknown}
 w - 3 scrolls of vulnerability {unknown}
 y - 4 scrolls of noise {!r}
 z - 2 scrolls of silence {unknown}
 A - 3 scrolls of blinking {unknown}
 C - a scroll of poison {unknown}
 I - 5 scrolls of immolation {!r}
Potions
 c - 7 potions of flight
 d - 3 potions of heal wounds {@q2}
 e - 6 potions of lignification {!q}
 j - a potion of magic {unknown}
 l - 10 potions of curing {@q1}
 n - 4 potions of resistance {unknown}
 p - 4 potions of might {unknown}
 q - 3 potions of ambrosia {unknown}
 x - a potion of berserk rage {unknown}
 B - 6 potions of brilliance
 D - 2 potions of haste {@q3}
 F - a potion of mutation {unknown}
 H - 4 potions of attraction {unknown}
 Q - 2 potions of cancellation {unknown}
Miscellaneous
 i - a tin of tremorstones (2/2)
 M - a tin of tremorstones (2/2)

Dungeon Overview and Level Annotations

Branches:
Dungeon (15/15)            Temple (1/1) D:5            Lair (0/5) D:9
    Orc (0/2) D:9          Vaults (0/5) D:14         Depths (2/4) D:15
 Bailey (visited)

Altars:
Ashenzari
Cheibriados
Dithmenos
Elyvilon
Fedhas
Gozag
Hepliaklqana
Kikubaaqudgha
Makhleb
Nemelex Xobeh
Okawaru
Qazlal
Ru
Sif Muna
Trog
Uskayaw
Vehumet
Wu Jian
Xom
Yredelemnul
Zin
The Shining One

Shops:
D:2 !   D:3 (   D:14 *   Depths:1 *

Portals:
Hell: Depths:1 Depths:2
Pandemonium: Depths:1 Depths:2

Annotations:
D:9 exclusion: 2 downstairs
D:12 2 transporters, Arum's ghost, journeyman FoFi
D:14 exclusion: downstairs

.........▒▒...▒
y...........▒ ▒
▒..▒ ▒..▒ ▒..▒
▒..▒ ▒..▒ ▒Cy▒
▒.8▒ ▒..▒ ▒.▒▒
▒.▒ ▒.▒▒▒▒▒▒▒▒▒▒
▒..........▒▒▒▒▒
▒.............^▒▒
▒.▒.▒▒▒▒▒▒▒▒▒▒..▒
▒.▒)▒........'..▒


You could see a stone giant and a spark wasp.


Message History

* * * LOW HITPOINT WARNING * * *
Unknown command.
You turn into a living statue of rough stone.
You feel strangely numb. The spark wasp stings you.
* * * LOW HITPOINT WARNING * * *
The spark wasp shocks you. You resist.
* * * LOW HITPOINT WARNING * * *
Unknown command.
The spark wasp closely misses you. The stone giant hits you!
* * * LOW HITPOINT WARNING * * *
The spark wasp stings you but does no damage.
Use which ability? (? or * to list)
You gain the combat prowess of a mighty hero.
The spark wasp closely misses you. The stone giant completely misses you.
The spark wasp stings you but does no damage.
The stone giant closely misses you. The spark wasp stings you!
* * * LOW HITPOINT WARNING * * *
The spark wasp shocks you. You resist.
* * * LOW HITPOINT WARNING * * *
You barely miss the spark wasp.
The spark wasp is lightly wounded.
The spark wasp closely misses you. The stone giant hits you!!
You die...

Action                   |  1- 3 |  4- 6 |  7- 9 | 10-12 | 13-15 || total
-------------------------+-------+-------+-------+-------+-------++-------
Melee: Unarmed           |    68 |    68 |   278 |   606 |   466 ||  1486
       Punch             |     2 |     1 |     6 |    41 |    54 ||   104
       Broad axe         |       |       |       |     6 |     1 ||     7
Throw: Javelin           |       |       |       |     8 |     8 ||    16
       Large rock        |       |       |       |       |     1 ||     1
 Cast: Statue Form       |       |       |       |       |    36 ||    36
Invok: Fiery Armour      |       |     2 |     3 |     4 |       ||     9
       Foxfire Swarm     |       |       |       |     1 |       ||     1
       Heroism           |       |       |       |    18 |    34 ||    52
       Finesse           |       |       |       |     1 |     2 ||     3
Evoke: Wand              |       |       |       |     1 |     4 ||     5
  Use: Potion            |       |       |     1 |     4 |     5 ||    10
       Scroll            |       |       |       |    16 |     6 ||    22
 Stab: Sleeping          |       |       |     1 |       |       ||     1
Armor: Robe              |    15 |    23 |    45 |       |    15 ||    98
       Acid dragon scale |       |       |   104 |   203 |    65 ||   372
       Skin              |       |       |       |       |   264 ||   264
Dodge: Dodged            |    17 |    17 |   116 |   197 |   203 ||   550
Block: Other             |       |     6 |    34 |   105 |   104 ||   249
       Reflection        |       |     1 |     5 |    11 |     4 ||    21
       Kite shield       |       |       |   112 |       |       ||   112

Levels and vault maps discovered:
D:1:      co_arrival_hall_of_pillars, layout_basic, kennysheep_nondescript,
          st_stairs_10
D:2:      layout_loops_corners, hellmonk_ecumenical_altar_defaced_shrine,
          serial_shops, nicolae_shop_temple_entry_statues_fountains,
          serial_glass, glass_columns_b, glass_columns_b
D:3:      layout_loops_ring, serial_shops, shop, uniq_ijyb
D:4:      layout_gridville, uniq_blork_the_orc, uniq_edmund, uniq_grinder,
          uniq_menkaure
D:5:      layout_cave_pods, nicolae_overflow_crystal_walls,
          minmay_temple_entry_slanted, kennysheep_generic_room_8
D:6:      layout_cave_pools, dilly_guarded_unrand_morg, uniq_crazy_yiuf_cottage,
          uniq_maggie
D:7:      layout_rooms, grunt_temple_overflow_open, serial_undead,
          serial_undead_b, serial_undead_b, serial_undead_b, serial_undead_a,
          uniq_pikel
D:8:      layout_loops_cross, general_overflow_altar, enter_bailey_5,
          uniq_joseph
D:9:      layout_irregular_city, lair_entry_dummy, minmay_orc_entry_temple_large
D:10:     layout_big_octagon, mainiacjoe_overflow_small_starburst
D:11:     layout_grid_maze
D:12:     layout_rooms, gammafunk_ghost_berserking_beasts, elyvilon_altar_4
D:13:     layout_small_grid, uniq_josephine, uniq_kirke, uniq_snorg
D:14:     layout_small_grid, david_vaults_5, nrook_uturn, serial_shops,
          nicolae_shop_window_shopping
D:15:     gammafunk_enter_depths_forms, layout_irregular_city, roderic_lattice_a
Temple:   minmay_freezing_vapour_temple
Depths:1: layout_cave_pools, rand_demon_pan_entry_3, serial_shops,
          nicolae_lakefront_shop, hell_entry,
          amcnicky_mini_rare_corridor_liquid, horrible_house_mu,
          uniq_saint_roka, uniq_bai_suzhen
Depths:2: minmay_the_grid_3x3 [minmay_the_grid_spikes,
          minmay_the_grid_minigrid_large, minmay_the_grid_broken_lines,
          minmay_the_grid_minigrid_small_alt, minmay_the_grid_pillar_ring,
          minmay_the_grid_tri_star, minmay_the_grid_plusring,
          minmay_the_grid_fan, minmay_the_grid_prize_shrinking_boxes],
          layout_twisted_cross, nicolae_gozag_cash_rules_everything_around_me,
          grunt_metal_band, grunt_pan_entry_zigzag, serial_bayou_pond_b

Notes
Turn   | Place    | Note
-------+----------+-------------------------------------------
     0 | D:1      | sanka the Troll Cinder Acolyte began the quest for the Orb.
     0 | D:1      | Reached XP level 1. HP: 22/22 MP: 1/1
   224 | D:1      | Reached XP level 2. HP: 28/29 MP: 2/2
   717 | D:2      | Reached skill level 4 in Unarmed Combat
   972 | D:2      | Identified the +5 dagger "Besadeod" {protect, rPois Will++
                  | Str-3 Int-3}
  1023 | D:2      | Reached XP level 3. HP: 29/36 MP: 3/3
  1059 | D:2      | Found Gaorph's Distillery.
  1414 | D:2      | Found a faded altar of an unknown god.
  1596 | D:2      | Bought a potion of heal wounds for 65 gold pieces
  1596 | D:2      | Bought a potion of degeneration for 13 gold pieces
  1664 | D:3      | Noticed Ijyb
  1666 | D:3      | Killed Ijyb
  1667 | D:3      | Reached XP level 4. HP: 44/44 MP: 4/4
  1667 | D:3      | Identified the +2 scale mail "Obed" {rCorr Int+4}
  1730 | D:3      | Reached skill level 5 in Unarmed Combat
  1856 | D:3      | Found Xixadyko's Antique Weapon Shop.
  2408 | D:4      | Noticed Blork the orc
  2408 | D:4      | Noticed Grinder
  2414 | D:4      | Killed Blork the orc
  2415 | D:4      | Reached skill level 6 in Unarmed Combat
  2415 | D:4      | Reached XP level 5. HP: 41/50 MP: 5/5
  2421 | D:4      | Killed Grinder
  2422 | D:4      | Reached skill level 7 in Unarmed Combat
  2422 | D:4      | Reached XP level 6. HP: 37/59 MP: 6/6
  2596 | D:4      | Noticed Edmund
  2608 | D:4      | Killed Edmund
  2609 | D:4      | Reached skill level 8 in Unarmed Combat
  2609 | D:4      | Reached XP level 7. HP: 66/66 MP: 7/7
  2662 | D:4      | Noticed Menkaure
  2669 | D:4      | Killed Menkaure
  3089 | D:5      | Entered Level 5 of the Dungeon
  3124 | D:5      | Found a staircase to the Ecumenical Temple.
  3148 | D:5      | Reached skill level 9 in Unarmed Combat
  3160 | Temple   | Entered the Ecumenical Temple
  3296 | D:5      | Found a glowing silver altar of Zin.
  3315 | D:5      | Reached XP level 8. HP: 74/74 MP: 8/8
  3465 | D:5      | Reached skill level 10 in Unarmed Combat
  4071 | D:6      | Reached skill level 3 in Fighting
  4379 | D:6      | Found the +4 dagger "Morg" {pain, Will+ Int+5}
  4393 | D:6      | Reached skill level 4 in Fighting
  4473 | D:6      | Identified +0 acid dragon scales
  4473 | D:6      | Noticed Maggie
  4486 | D:6      | Killed Maggie
  4487 | D:6      | Reached skill level 11 in Unarmed Combat
  4487 | D:6      | Reached XP level 9. HP: 40/85 MP: 9/9
  4769 | D:7      | Reached skill level 1 in Shields
  4777 | D:7      | Reached skill level 5 in Fighting
  4781 | D:7      | HP: 6/88 [wight/+0 spear (8)]
  4787 | D:7      | Reached skill level 2 in Shields
  4918 | D:7      | Noticed Pikel
  4935 | D:7      | Killed Pikel
  4936 | D:7      | Reached skill level 3 in Shields
  4986 | D:7      | Reached skill level 6 in Fighting
  4994 | D:7      | Reached skill level 12 in Unarmed Combat
  5100 | D:7      | Reached skill level 4 in Shields
  5209 | D:7      | Found a basalt altar of Yredelemnul.
  5210 | D:7      | Found a snail-covered altar of Cheibriados.
  5210 | D:7      | Found an ornate altar of the Wu Jian Council.
  5211 | D:7      | Found a shadowy altar of Dithmenos.
  5211 | D:7      | Found a sacrificial altar of Ru.
  5212 | D:7      | Found a shimmering blue altar of Sif Muna.
  5212 | D:7      | Found a blossoming altar of Fedhas.
  5216 | D:7      | Found a stormy altar of Qazlal.
  5228 | D:7      | Reached XP level 10. HP: 88/98 MP: 10/10
  5847 | D:8      | Found a radiant altar of Vehumet.
  5928 | D:8      | Found a flagged portal.
  5946 | Bailey   | Entered a bailey
  5958 | Bailey   | Noticed an orc warlord
  6087 | Bailey   | Found a runed translucent gate.
  6089 | Bailey   | Found a runed translucent gate.
  6091 | Bailey   | Found a runed translucent gate.
  6267 | Bailey   | Killed an orc warlord
  6268 | Bailey   | Reached skill level 7 in Fighting
  6351 | Bailey   | Acquired the ring "Othrausm" {Wiz Will+ Str+4 Dex-2}
  6653 | D:8      | Noticed Joseph
  6662 | D:8      | Killed Joseph
  6663 | D:8      | Reached skill level 1 in Invocations
  6807 | D:9      | Found a staircase to the Orcish Mines.
  6929 | D:9      | Reached skill level 13 in Unarmed Combat
  6959 | D:9      | Reached skill level 2 in Invocations
  6970 | D:9      | Reached skill level 3 in Invocations
  7085 | D:9      | Reached skill level 8 in Fighting
  7096 | D:9      | Reached skill level 4 in Invocations
  7102 | D:9      | Reached XP level 11. HP: 93/111 MP: 11/13
  7503 | D:9      | Found a staircase to the Lair.
  7535 | D:9      | Noticed a two-headed ogre
  7545 | D:9      | Killed a two-headed ogre
  7993 | D:9      | Learned a level 6 spell: Statue Form
  8068 | Temple   | Fell from the grace of Ignis
  8068 | Temple   | Became a worshipper of Warmaster Okawaru
 11070 | D:10     | Entered Level 10 of the Dungeon
 11314 | D:10     | Reached * piety under Okawaru
 11315 | D:10     | Reached skill level 9 in Fighting
 11470 | D:10     | Found a bloodstained altar of Trog.
 11730 | D:10     | Noticed a two-headed ogre
 11738 | D:10     | Killed a two-headed ogre
 11739 | D:10     | Reached skill level 14 in Unarmed Combat
 11739 | D:10     | Reached skill level 1 in Earth Magic
 11744 | D:10     | Reached skill level 1 in Transmutations
 12173 | D:11     | Identified the +8 falchion of Etwoh {vorpal, rElec rF+ rC-
                  | Str+10}
 12264 | D:11     | Reached skill level 2 in Earth Magic
 12322 | D:11     | Noticed a seven-headed hydra
 12330 | D:11     | Killed a three-headed hydra
 12330 | D:11     | Reached ** piety under Okawaru
 12331 | D:11     | Reached skill level 2 in Spellcasting
 12331 | D:11     | Reached skill level 2 in Transmutations
 12515 | D:11     | Reached skill level 3 in Earth Magic
 12569 | D:11     | Noticed an eight-headed hydra
 12577 | D:11     | Killed a seven-headed hydra
 12614 | D:11     | Reached *** piety under Okawaru
 12708 | D:11     | Reached XP level 12. HP: 105/123 MP: 13/15
 12748 | D:11     | Reached skill level 3 in Transmutations
 12805 | D:12     | Found a white marble altar of Elyvilon.
 12842 | D:11     | Reached skill level 3 in Spellcasting
 12842 | D:11     | Reached skill level 4 in Earth Magic
 13413 | D:12     | Noticed a two-headed ogre
 13418 | D:12     | Noticed a two-headed ogre
 13448 | D:12     | Killed a two-headed ogre
 13464 | D:12     | Killed a two-headed ogre
 13464 | D:12     | Reached **** piety under Okawaru
 13547 | D:12     | Noticed a boulder beetle
 13570 | D:12     | Killed a boulder beetle
 13571 | D:12     | Reached skill level 4 in Transmutations
 13571 | D:12     | Reached skill level 5 in Earth Magic
 13772 | D:12     | Found a transporter.
 13772 | D:12     | Noticed Arum's ghost (journeyman FoFi)
 13774 | D:12     | Noticed a catoblepas
 13775 | D:12     | Noticed a fire dragon
 13775 | D:12     | Noticed a four-headed hydra
 13776 | D:12     | Noticed a four-headed hydra
 13793 | D:12     | Found a transporter.
 13925 | D:12     | Reached skill level 4 in Spellcasting
 14165 | D:13     | Noticed a centaur warrior
 14176 | D:13     | Killed a centaur warrior
 14177 | D:13     | Noticed Kirke
 14195 | D:13     | Killed Kirke
 14196 | D:13     | Reached skill level 5 in Transmutations
 14196 | D:13     | Reached skill level 6 in Earth Magic
 14199 | D:13     | Noticed a rakshasa
 14211 | D:13     | Killed a rakshasa
 14481 | D:13     | Reached ***** piety under Okawaru
 14514 | D:13     | Noticed a tengu warrior
 14529 | D:13     | Killed a tengu warrior
 14530 | D:13     | Reached skill level 7 in Earth Magic
 14746 | D:13     | Noticed Snorg
 14759 | D:13     | Killed Snorg
 14760 | D:13     | Reached skill level 6 in Transmutations
 14760 | D:13     | Reached XP level 13. HP: 73/131 MP: 11/18
 14804 | D:13     | Received a gift from Okawaru
 15419 | D:14     | Reached skill level 8 in Earth Magic
 15489 | D:14     | Found Vydilu's General Store.
 15581 | D:14     | Bought 2 potions of heal wounds for 160 gold pieces
 15581 | D:14     | Bought a scroll of teleportation for 48 gold pieces
 15584 | D:14     | Was forgiven by Ignis
 15697 | D:14     | Reached skill level 7 in Transmutations
 15774 | D:13     | Received a gift from Okawaru
 16105 | D:14     | Found a gate to the Vaults.
 16111 | D:14     | Reached skill level 9 in Earth Magic
 16615 | D:15     | Entered Level 15 of the Dungeon
 16954 | D:15     | Learned a level 5 spell: Lee's Rapid Deconstruction
 16959 | D:15     | Learned a level 4 spell: Petrify
 16965 | D:15     | Learned a level 5 spell: Blade Hands
 17173 | D:15     | Reached skill level 8 in Transmutations
 17182 | D:15     | Noticed a green very ugly thing
 17339 | D:15     | Killed a cyan very ugly thing
 17701 | D:15     | Reached skill level 10 in Earth Magic
 17844 | D:15     | Identified the +1 robe of Bedevilment {*Corrode Int+5}
                  | (Okawaru gifted it to you on level 15 of the Dungeon)
 17844 | D:15     | Received a gift from Okawaru
 17989 | D:15     | Reached XP level 14. HP: 140/140 MP: 2/19
 18069 | D:15     | Found a staircase to the Depths.
 18192 | Depths:1 | Entered Level 1 of the Depths
 18232 | Depths:1 | Identified +0 fire dragon scales
 18267 | Depths:1 | Reached skill level 9 in Transmutations
 18268 | Depths:1 | HP: 14/182 [iron troll (12)]
 18268 | Depths:1 | HP: 6/182 [iron troll (8)]
 18273 | Depths:1 | HP: 6/182 [spriggan air mage/bolt of lightning (8)]
 18416 | Depths:1 | Noticed Bai Suzhen
 18426 | Depths:1 | Killed Bai Suzhen
 18426 | Depths:1 | Identified +2 storm dragon scales {Bai Suzhen}
 18427 | Depths:1 | Reached skill level 11 in Earth Magic
 18537 | Depths:1 | Found a gateway to Hell.
 18548 | Depths:1 | Noticed a stone giant
 18560 | Depths:1 | Killed a stone giant
 18619 | Depths:1 | Found Caveklup's General Store.
 18652 | Depths:1 | Bought a potion of heal wounds for 65 gold pieces
 18652 | Depths:1 | Bought a scroll of identify for 26 gold pieces
 18768 | Depths:1 | Found a one-way gate leading to the halls of Pandemonium.
 19137 | Depths:1 | Identified the +2 ring mail of Gravity {rF+ rC+++ Str-2}
 19142 | Depths:1 | Noticed Saint Roka
 19239 | Depths:1 | Identified the +4 arbalest of Obsession {venom, rPois rC-
                  | Stlth+}
 19413 | Depths:1 | Killed Saint Roka
 19414 | Depths:1 | Reached skill level 10 in Transmutations
 19519 | Depths:1 | Noticed a stone giant
 19534 | Depths:1 | Killed a stone giant
 19534 | Depths:1 | Reached ****** piety under Okawaru
 19588 | Depths:1 | Identified a +2 robe of the Archmagi
 19763 | Depths:1 | Identified the +6 short sword "Zaum" {freeze, +Blink rElec
                  | rPois Dex-2} (Okawaru gifted it to you on level 1 of the
                  | Depths)
 19763 | Depths:1 | Received a gift from Okawaru
 19773 | Depths:1 | Reached skill level 12 in Earth Magic
 20095 | Depths:1 | Noticed a vampire knight
 20098 | Depths:1 | Noticed a fire giant
 20318 | Depths:1 | Found the +3 salamander hide armour {Flames rF++ rC--}
 20329 | Depths:1 | Identified the +5 hand axe of Shrieking Honour {vorpal, rF+
                  | Will+ Int+2 Dex+2}
 20333 | Depths:1 | Noticed a stone giant
 20346 | Depths:1 | HP: 16/163 [spark wasp[a boggart] (8)]
 20350 | Depths:1 | HP: 7/163 [spark wasp[a boggart] (5)]
 20509 | Depths:1 | Killed a vampire knight
 20637 | Depths:2 | Found an opulent altar of Gozag.
 20678 | Depths:2 | Noticed a frost giant
 20845 | Depths:2 | Killed a frost giant
 20891 | Depths:2 | Noticed a fire giant
 20895 | Depths:2 | Killed a fire giant
 20952 | Depths:2 | Identified the +9 bardiche of Shrieking Terror {flame, rN+
                  | Dex+4} (Okawaru gifted it to you on level 2 of the Depths)
 20952 | Depths:2 | Received a gift from Okawaru
 20958 | Depths:2 | Reached XP level 15. HP: 146/146 MP: 14/20
 21127 | Depths:2 | Noticed a frost giant
 21131 | Depths:2 | Noticed a fire giant
 21257 | Depths:2 | Reached skill level 11 in Transmutations
 21267 | Depths:2 | Reached skill level 13 in Earth Magic
 21419 | Depths:2 | Noticed a frost giant
 21513 | Depths:2 | Killed a frost giant
 21562 | Depths:2 | HP: 18/189 [spark wasp (4)]
 21565 | Depths:2 | Mangled by a stone giant

Vanquished Creatures
  Bai Suzhen (Depths:1)
  Saint Roka (Depths:1)
  Kirke (D:13)
  A fire giant (Depths:2)
  2 frost giants (Depths:2)
  An orc warlord (Bailey)
  A very ugly thing (D:15)
  3 stone giants (Depths:1)
  A vampire knight (Depths:1)
  A lorocyproca (Depths:1)
  4 spark wasps (Depths:2)
  Snorg (D:13)
  A blizzard demon (Depths:2)
  3 fire dragons
  A great orb of eyes (D:15)
  4 rakshasas
  2 ice dragons (Depths:1)
  2 spriggan air magi (Depths:1)
  A boulder beetle (D:12)
  A vault guard (D:14)
  3 hydras
  4 two-headed ogres
  4 centaur warriors
  2 tengu warriors
  2 deep troll shamans
  3 deep troll earth magi
  5 hell knights (Depths:2)
  3 sun demons
  2 iron trolls
  A sixfirhy (Depths:1)
  A flayed ghost (Depths:1)
  An orange crystal statue (Depths:1)
  6 deep trolls
  An orb spider (shapeshifter) (D:13)
  Pikel (D:7)
  A necromancer (Depths:2)
  2 orc knights
  16 ugly things
  A wizard (D:15)
  A wolf spider (D:15)
  A manticore (D:11)
  A salamander (shapeshifter) (D:14)
  7 cyclopes
  A rust devil (Depths:2)
  Joseph (D:8)
  2 gargoyles
  3 unseen horrors
  Maggie (D:6)
  2 tengu conjurers (D:15)
  An efreet (D:14)
  A hellwing (Depths:1)
  A freezing wraith (D:15)
  3 ice devils (Depths:2)
  6 trolls
  Grinder (D:4)
  15 slime creatures
  A centaur simulacrum (D:15)
  2 shadows
  2 wyverns (D:9)
  24 yaks
  15 fire elementals
  3 humans
  A basilisk (D:12)
  5 wraiths
  6 water elementals
  A steam dragon (D:7)
  18 vampire mosquitoes
  2 chaos spawn
  2 wargs
  A swamp worm (shapeshifter) (D:15)
  Edmund (D:4)
  Menkaure (D:4)
  An acid dragon (D:9)
  2 ice beasts (D:7)
  16 orc warriors
  A hornet zombie (D:7)
  A sky beast (D:6)
  2 boggarts (Depths:1)
  10 centaurs
  2 phantoms
  2 lemures (D:6)
  Blork the orc (D:4)
  2 kobold brigands
  A bullfrog (D:7)
  A wyvern zombie (D:7)
  A gnoll sergeant (D:9)
  3 scorpions
  A necrophage (D:6)
  10 wights
  6 killer bees
  A howler monkey (D:8)
  A bullfrog zombie (D:6)
  A jelly (D:6)
  4 centaur zombies (D:7)
  6 hounds
  15 orc priests
  A bullfrog skeleton (D:6)
  2 gnoll boudas (D:5)
  An iguana (D:5)
  A water moccasin simulacrum (D:6)
  Ijyb (D:3)
  18 orc wizards
  A spectral killer bee (D:6)
  3 killer bee zombies (D:7)
  20 gnolls
  8 adders
  2 white imps (D:5)
  2 ufetubi
  2 worms (D:2)
  A dart slug (D:3)
  41 orcs
  5 endoplasms
  4 giant cockroaches
  11 goblins
  7 hobgoblins
  2 jackals (D:3)
  4 quokkas
  7 ball pythons
  A bat (D:3)
  A frilled lizard (D:2)
  22 kobolds
  3 rats
487 creatures vanquished.

Vanquished Creatures (others)
  13 foxfires (Bailey)
  11 plants
  21 withered plants
45 creatures vanquished.

Grand Total: 532 creatures vanquished
